 Dungeon Crawl Stone Soup version 0.29.1 (webtiles) character file.

Game seed: 13723976419901497930

37399 Ijustatesigmund the Fighter (level 13, -2/86 HPs)
             Began as a Gargoyle Fighter on Sept 14, 2022.
             Was a High Priest of Cheibriados.
             Slain by a death yak (5 damage)
             ... on level 11 of the Dungeon.
             The game lasted 00:24:16 (14531 turns).

Ijustatesigmund the Fighter (Gargoyle Fighter)     Turns: 14531, Time: 00:24:16

Health: -2/86      AC: 26    Str: 32    XL:     13   Next: 96%
Magic:  20/20      EV:  9    Int: 26    God:    Cheibriados [*****.]
Gold:   921        SH: 18    Dex: 18    Spells: 12/12 levels left

rFire   + . .      SeeInvis .   x - +8 hammer "Nuaw" {vorpal, rF+ rN+ rCorr Dex-3}
rCold   . . .      Faith    .   c - +0 tower shield
rNeg    + + .      Spirit   .   b - +0 chain mail
rPois   ∞          Reflect  .   E - +0 helmet
rElec   +          Harm     .   j - +1 cloak {rPois}
rCorr   +          Rampage  .   (no gloves)
Will    +....                   u - +1 pair of boots
Stlth   ..........              (no amulet)
HPRegen 0.24/turn               h - ring of willpower
MPRegen 0.17/turn               H - +4 ring of slaying

@: on berserk cooldown, slowed, very slow
A: sickness immunity, AC +9, negative energy resistance 1, electricity
resistance, torment resistance 1, petrification resistance
a: Renounce Religion, Bend Time, Temporal Distortion, Slouch, Step From Time


You were on level 11 of the Dungeon.
You worshipped Cheibriados.
Cheibriados was extremely pleased with you.
You visited 2 branches of the dungeon, and saw 12 of its levels.
You also visited: Bailey.

You collected 921 gold pieces.

Inventory:

Hand Weapons
 a - a +3 flail
 x - the +8 hammer "Nuaw" (weapon) {vorpal, rF+ rN+ rCorr Dex-3}
   (You found it on level 5 of the Dungeon)

   It inflicts extra damage upon your enemies.
   Dex:       It affects your dexterity (-3).
   rF:        It protects you from fire.
   rN:        It protects you from negative energy.
   rCorr:     It protects you from acid and corrosion.
Missiles
 e - 4 throwing nets (quivered)
Armour
 b - a +0 chain mail (worn)
 c - a +0 tower shield (worn)
 j - a +1 cloak of poison resistance (worn)
 u - a +1 pair of boots (worn)
 E - a +0 helmet (worn)
Jewellery
 h - a ring of willpower (left hand)
 H - a +4 ring of slaying (right hand)
Wands
 p - a wand of flame (11)
 v - a wand of iceblast (7)
 B - a wand of digging (6)
 D - a wand of polymorph (10)
Scrolls
 d - 2 scrolls of identify
 g - 7 scrolls of teleportation
 m - 2 scrolls of amnesia
 n - a scroll of magic mapping
 t - 4 scrolls of poison
 w - 4 scrolls of blinking
 y - a scroll of fear
 z - 3 scrolls of enchant armour
 F - a scroll of butterflies
Potions
 f - 4 potions of attraction
 i - 2 potions of lignification
 k - 2 potions of brilliance
 l - a potion of flight
 o - 4 potions of curing
 q - 2 potions of magic
 r - a potion of mutation
 s - 3 potions of cancellation
 G - a potion of invisibility


   Skills:
 + Level 12.2 Fighting
 + Level 11.1 Maces & Flails
 + Level 8.7 Armour
 - Level 4.4 Dodging
 - Level 11.5 Shields
 + Level 9.4 Invocations
 - Level 2.9 Evocations


You had 12 spell levels left.
You didn't know any spells.
Your spell library contained the following spells:

 Spells                   Type           Power      Damage    Failure   Level
 Magic Dart               Conj           0%         1d3       95%         1
 Blink                    Tloc           0%         N/A       98%         2
 Call Imp                 Summ           0%         N/A       98%         2
 Ensorcelled Hibernation  Hex/Ice        0%         N/A       98%         2
 Passwall                 Tmut/Erth      0%         N/A       98%         2
 Scorch                   Fire           0%         2d5       98%         2
 Call Canine Familiar     Summ           0%         N/A       100%        3
 Gell's Gravitas          Tloc           0%         N/A       100%        3
 Lesser Beckoning         Tloc           0%         N/A       100%        3
 Mephitic Cloud           Conj/Pois/Air  0%         N/A       100%        3
 Portal Projectile        Hex/Tloc       0%         N/A       100%        3
 Spider Form              Tmut/Pois      0%         N/A       100%        3
 Swiftness                Air            0%         N/A       100%        3
 Teleport Other           Tloc           0%         N/A       100%        3
 Tukima's Dance           Hex            0%         N/A       100%        3
 Anguish                  Hex/Necr       0%         N/A       100%        4
 Flame Wave               Conj/Fire      0%         2d4       100%        4
 Leda's Liquefaction      Hex/Erth       0%         N/A       100%        4
 Passage of Golubria      Tloc           0%         N/A       100%        4
 Manifold Assault         Tloc           0%         N/A       100%        5
 Yara's Violent Unravell  Hex/Tmut       0%         3d3       100%        5
 Summon Cactus Giant      Summ           0%         N/A       100%        6


Dungeon Overview and Level Annotations

Branches:
Dungeon (11/15)            Temple (1/1) D:6            Lair (0/5) D:11
    Orc (0/2) D:9          Bailey (visited)

Altars:
Ashenzari
Cheibriados
Dithmenos
Elyvilon
Fedhas
Gozag
Hepliaklqana
Kikubaaqudgha
Makhleb
Nemelex Xobeh
Okawaru
Qazlal
Ru
Sif Muna
Trog
Uskayaw
Vehumet
Wu Jian
Xom
Yredelemnul
Zin
The Shining One

Shops:
D:9 (


Innate Abilities, Weirdness & Mutations

You are immune to sickness and miasma.
Your stone body is resilient. (AC +9)
You are immune to poison.
You resist negative energy. (rN+)
You are resistant to electric shocks. (rElec)
You are resistant to unholy torment.
You are immune to petrification.


Message History

You are too injured to fight recklessly!
A red film seems to cover your vision as you go berserk!
Cheibriados forces you to slow down.
You feel mighty! The death yak gores you. The death yak gores you!
You barely miss the death yak. The death yak gores you!
The death yak barely misses you.
You hit the death yak.
The death yak is lightly wounded.
The death yak closely misses you. You block the death yak's attack.
You thump the death yak!
The death yak is moderately wounded.
You block the death yak's attack. x2
You sock the death yak!
The death yak is heavily wounded.
The death yak gores you!
* * * LOW HITPOINT WARNING * * *
The death yak gores you but does no damage.
You sock the death yak!
The death yak is severely wounded.
The death yak gores you!
* * * LOW HITPOINT WARNING * * *
The death yak gores you!
* * * LOW HITPOINT WARNING * * *
You bludgeon the death yak!!
You kill the death yak!
Cheibriados appreciates the change of pace.
You block the death yak's attack.
The death yak gores you but does no damage.
There is an open door here.
The death yak attacks as you move away! You block the death yak's attack.
You feel a strong urge to attack something.
The death yak gores you but does no damage.
You are too berserk!
You are too berserk!
You bludgeon the death yak!!
The death yak is moderately wounded.
You are no longer berserk.
You are exhausted.
You feel yourself slow down. The death yak gores you.
You die...

#<.##..# #..##..#
#..##..# #..##..######
######+###.......#
#>.......#.......#
########.#...#..##'##...#
#........#..........#...#
#...........@....##.#...#
#.......#####Y##.##.#...#
#.......#......#.##.#...#
#.......#......†.##.#...#
#########.....†#.##.#####
#.....##......#.##.#
#.....##......#.##.#
######'#######.##..#.##.#
.............#.##..#....#


You could see a death yak.

Vanquished Creatures
  2 vault guards (Bailey)
  Erica (D:9)
  A two-headed ogre (D:10)
  2 death yaks (D:11)
  An ugly thing (D:11)
  Joseph (D:7)
  A gargoyle (D:10)
  An unseen horror (D:10)
  A hornet (D:8)
  3 trolls (D:10)
  Prince Ribbit (Bailey)
  11 yaks
  A wyvern (D:5)
  2 wraiths (D:10)
  2 shadows (D:10)
  3 humans (Bailey)
  Eustachio (D:6)
  A steam dragon (D:10)
  Menkaure (D:5)
  An acid dragon (D:10)
  A water moccasin (D:6)
  4 orc warriors
  An ice beast (D:7)
  4 sky beasts
  4 ogres
  5 centaurs
  5 kobold brigands
  19 bullfrogs
  2 necrophages
  4 gnoll sergeants
  12 wights
  12 killer bees
  5 howler monkeys
  A crimson imp (D:6)
  4 hounds
  4 gnoll boudas
  7 orc priests
  3 jellies
  Crazy Yiuf (D:5)
  2 iguanas
  8 orc wizards
  3 hell rats (D:11)
  5 adders
  40 gnolls
  A river rat (D:11)
  4 white imps
  An ufetubus (D:4)
  3 dart slugs
  36 orcs
  5 ball pythons
  6 bats
  3 endoplasms
  4 giant cockroaches
  10 goblins
  9 hobgoblins
  12 jackals (D:4)
  4 quokkas
  3 frilled lizards
  11 kobolds
  14 rats
320 creatures vanquished.

Vanquished Creatures (others)
  2 fungi
  10 plants
  3 toadstools (D:1)
15 creatures vanquished.

Grand Total: 335 creatures vanquished

Notes
Turn   | Place    | Note
-------+----------+-------------------------------------------
     0 | D:1      | Ijustatesigmund the Gargoyle Fighter began the quest for
                  | the Orb.
     0 | D:1      | Reached XP level 1. HP: 14/14 MP: 1/1
   196 | D:1      | Reached XP level 2. HP: 19/19 MP: 2/2
   689 | D:1      | Reached skill level 4 in Fighting
   689 | D:1      | Reached XP level 3. HP: 24/24 MP: 3/3
  1419 | D:1      | Reached XP level 4. HP: 30/30 MP: 4/4
  1440 | D:2      | Found a faded altar of an unknown god.
  2256 | D:3      | Reached XP level 5. HP: 34/34 MP: 5/5
  2829 | D:4      | Noticed an ogre
  2832 | D:4      | Killed an ogre
  2833 | D:4      | Reached skill level 5 in Fighting
  2837 | D:4      | Reached XP level 6. HP: 40/40 MP: 6/6
  3541 | D:4      | Reached XP level 7. HP: 15/45 MP: 7/7
  3910 | D:4      | Reached skill level 6 in Fighting
  3996 | D:4      | Reached skill level 5 in Maces & Flails
  4233 | D:4      | Reached skill level 5 in Shields
  5176 | D:4      | Reached XP level 8. HP: 44/52 MP: 8/8
  5664 | D:5      | Entered Level 5 of the Dungeon
  5827 | D:5      | Noticed Menkaure
  5839 | D:5      | Killed Menkaure
  5840 | D:5      | Reached skill level 7 in Fighting
  6280 | D:5      | Noticed a wyvern
  6288 | D:5      | Killed a wyvern
  6556 | D:5      | Found a runed translucent door.
  6557 | D:5      | Noticed Crazy Yiuf
  6568 | D:5      | Killed Crazy Yiuf
  6573 | D:5      | Identified the +8 hammer "Nuaw" {vorpal, rF+ rN+ rCorr
                  | Dex-3}
  6865 | D:6      | Found a staircase to the Ecumenical Temple.
  6872 | Temple   | Entered the Ecumenical Temple
  7435 | Temple   | Became a worshipper of Cheibriados the Contemplative
  7546 | D:6      | Reached skill level 8 in Fighting
  7546 | D:6      | Reached XP level 9. HP: 57/59 MP: 9/9
  7758 | D:6      | Noticed Eustachio
  7768 | D:6      | Killed Eustachio
  7769 | D:6      | Reached skill level 5 in Armour
  7769 | D:6      | Reached skill level 1 in Invocations
  8430 | D:7      | Noticed Joseph
  8443 | D:7      | Killed Joseph
  8606 | D:7      | Reached * piety under Cheibriados
  8690 | D:7      | Reached skill level 9 in Fighting
  8928 | D:7      | Reached skill level 1 in Dodging
  9022 | D:7      | Reached XP level 10. HP: 62/66 MP: 13/13
  9145 | D:7      | Found a shimmering altar of Xom.
  9586 | D:8      | Reached ** piety under Cheibriados
  9626 | D:8      | Found a flagged portal.
  9647 | Bailey   | Entered a bailey
  9696 | Bailey   | Reached skill level 5 in Invocations
  9955 | Bailey   | Noticed Prince Ribbit
  9955 | Bailey   | Noticed a vault guard
  9971 | Bailey   | Killed a vault guard
  9972 | Bailey   | Reached skill level 10 in Fighting
  9972 | Bailey   | Killed Prince Ribbit
 10129 | Bailey   | Noticed a vault guard
 10150 | Bailey   | Killed a vault guard
 10151 | Bailey   | Reached *** piety under Cheibriados
 10569 | D:8      | Reached XP level 11. HP: 71/73 MP: 15/15
 11613 | D:9      | Found Deodwir's Weapon Emporium.
 11873 | D:9      | Reached XP level 12. HP: 79/79 MP: 17/17
 11898 | D:9      | Reached **** piety under Cheibriados
 11944 | D:9      | Found a staircase to the Orcish Mines.
 12176 | D:9      | Noticed Erica
 12188 | D:9      | Killed Erica
 12448 | D:10     | Entered Level 10 of the Dungeon
 12470 | D:10     | Reached skill level 11 in Fighting
 12797 | D:10     | Reached skill level 10 in Maces & Flails
 12952 | D:10     | Reached ***** piety under Cheibriados
 13763 | D:10     | Noticed a two-headed ogre
 13775 | D:10     | Killed a two-headed ogre
 13910 | D:10     | Identified the +11 quarterstaff of Impermanence {drain,
                  | *Noise Str+2 Dex+4}
 14295 | D:11     | Found a staircase to the Lair.
 14295 | D:11     | Noticed a death yak
 14295 | D:11     | Noticed a death yak
 14295 | D:11     | Noticed a death yak
 14309 | D:11     | Reached skill level 12 in Fighting
 14309 | D:11     | Reached XP level 13. HP: 73/86 MP: 19/19
 14527 | D:11     | HP: 2/129 [death yak (12)]
 14531 | D:11     | Slain by a death yak

Illustrated notes

Levels and vault maps discovered:
D:1:      dpeg_arrival_rooms_b, layout_loops_corners, minmay_gold_behind_fungi
D:2:      cheibrodos_old_hovel, layout_rooms, basic_ecumenical_altar,
          serial_curves, eino_curves_04, eino_curves_04, eino_curves_04,
          eino_curves_03
D:3:      layout_basic
D:4:      lemuel_castle_with_subvaults [lemuel_castle_interior_carwin_3],
          layout_loops_ring
D:5:      kennysheep_big_flooded_room, layout_basic, amcnicky_mini_pool_small,
          uniq_menkaure, uniq_crazy_yiuf_cottage
D:6:      layout_loops_ring, minmay_temple_entry_mini_moons, serial_rivers,
          chequers_serial_rivers_micro_a, chequers_serial_rivers_micro_b,
          chequers_serial_rivers_large_b, chequers_serial_rivers_room_a,
          minmay_fire_ice_demons, uniq_eustachio
D:7:      layout_gridville, dk_xom_monty_hall, hangedman_decor_lopped,
          serial_park_tiny_pond, uniq_joseph
D:8:      layout_layer_cave, enter_bailey_3, minmay_fractal_squares_diagonal_5
D:9:      layout_rooms, orc_david_3, uniq_erica
D:10:     minmay_thinvault, layout_irregular_city
D:11:     layout_stronghold, dpeg_lair_monsters, uniq_harold
Temple:   mainiacjoe_temple_starburst

Skill      XL: |  1  2  3  4  5  6  7  8  9 10 11 12 |
---------------+-------------------------------------+-----
Fighting       | 4 5 6 8 9 10 12 | 12.2
Maces & Flails | 3 4 5 6 8 9 11 | 11.1
Shields        | 4 5 6 11 | 11.5
Armour         | 4 6 8 |  8.7
Invocations    | 4 6 7 9 |  9.4
Dodging        | 1 3 4 |  4.4
Evocations     | 2 |  2.9

Action                   |  1- 3 |  4- 6 |  7- 9 | 10-12 | 13-15 || total
-------------------------+-------+-------+-------+-------+-------++-------
Melee: Flail             |    97 |   130 |   196 |       |       ||   423
       Mace              |       |       |   130 |   439 |    15 ||   584
Evoke: Wand              |       |     3 |     2 |     3 |       ||     8
  Use: Scroll            |     5 |    10 |     6 |     9 |       ||    30
       Potion            |       |       |     3 |     5 |     1 ||     9
Armor: Scale mail        |    60 |    77 |   109 |       |       ||   246
       Chain mail        |       |       |   130 |   263 |     8 ||   401
       Skin              |       |       |       |     3 |       ||     3
Dodge: Dodged            |    54 |    36 |    77 |   137 |     3 ||   307
Block: Buckler           |    25 |     2 |       |       |       ||    27
       Tower shield      |       |    87 |   271 |   483 |    15 ||   856
